 Dungeon Crawl Stone Soup version 0.25.0-37-gb73750e0fb (webtiles) character file.

Game seed: 9984518532979885750

1519 Ethylacetat the Covert (level 8, -13/57 (60) HPs)
             Began as an Octopode Assassin on July 8, 2020.
             Was an Initiate of Dithmenos.
             Mangled by an ogre
             ... wielding a +0 giant club
              (29 damage)
             ... on level 7 of the Dungeon.
             The game lasted 00:11:08 (7046 turns).

Ethylacetat the Covert (Octopode Assassin)          Turns: 7046, Time: 00:11:09

HP:   -13/57 (60)   AC:  1    Str: 12    XL:     8   Next: 84%
MP:   8/8           EV: 13    Int: 13    God:    Dithmenos [......]
Gold: 273           SH:  0    Dex: 14    Spells: 7/7 levels left

rFire    . . .     SeeInvis .   a - +2 dagger
rCold    . . .     Gourm    .   (no shield)
rNeg     . . .     Faith    .   (helmet restricted)
rPois    .         Spirit   .   (no amulet)
rElec    .         Reflect  .   (no ring)
rCorr    .         Harm     .   (no ring)
MR       .....                  (no ring)
Stlth    +++++.....             (no ring)
HPRegen  0.19/turn              (no ring)
MPRegen  0.11/turn              (no ring)
                                (no ring)
                                (no ring)

@: no status effects
A: almost no armour, stealthy swim, amphibious, 8 rings, constrict 8, camouflage
1, gelatinous body 1
a: Renounce Religion


You were on level 7 of the Dungeon.
You worshipped Dithmenos.
Dithmenos was noncommittal.
You were hungry.

You visited 2 branches of the dungeon, and saw 8 of its levels.
You also visited: Sewer.

You collected 273 gold pieces.

Inventory:

Hand Weapons
 a - a +2 dagger (weapon)
Missiles
 b - 26 poisoned darts (quivered)
 c - 2 curare-tipped darts
 l - a throwing net
Jewellery
 y - an uncursed ring of protection from cold {unknown}
Wands
 o - a wand of polymorph (8)
Scrolls
 e - 2 scrolls of fear {unknown}
 f - 8 scrolls of remove curse {unknown}
 g - a scroll of random uselessness {unknown}
 h - 6 scrolls of identify {unknown}
 i - 7 scrolls of teleportation {unknown}
 k - 2 scrolls of fog {unknown}
 t - a scroll of immolation {unknown}
 x - a scroll of amnesia {unknown}
Potions
 j - 2 potions of stabbing {unknown}
 m - 2 potions of curing {unknown}
 n - a potion of might
 p - a potion of invisibility {unknown}
 q - 2 potions of lignification {unknown}
 r - 5 potions of haste {unknown}
 s - 2 potions of flight {unknown}
 u - a potion of mutation {unknown}
 v - 5 potions of heal wounds
 w - a potion of magic {unknown}
 z - a potion of resistance {unknown}
Comestibles
 d - 11 rations


   Skills:
 * Level 7.1 Fighting
 * Level 7.0 Short Blades
 - Level 2.0 Throwing
 - Level 1.0 Dodging
 + Level 8.7 Stealth


You had 7 spell levels left.
You didn't know any spells.
Your spell library was empty.

Dungeon Overview and Level Annotations

Branches:
Dungeon (7/15)             Temple (1/1) D:5           Sewer (visited)

Altars:
Ashenzari
Cheibriados
Dithmenos
Elyvilon
Gozag
Hepliaklqana
Kikubaaqudgha
Makhleb
Nemelex Xobeh
Okawaru
Qazlal
Ru
Sif Muna
Trog
Uskayaw
Vehumet
Wu Jian
Xom
Yredelemnul
Zin
The Shining One


Innate Abilities, Weirdness & Mutations

You cannot wear most types of armour.
You are very stealthy in the water. (Stealth+)
You are amphibious.
You can wear up to eight rings at the same time.
You can use your tentacles to constrict eight enemies at once.
Your skin changes colour to match your surroundings (Stealth+).
Your rubbery body absorbs attacks. (AC +1, EV +1)


Message History

You hit the bullfrog zombie.
The bullfrog zombie is severely damaged.
You constrict the bullfrog zombie. You hit the bullfrog zombie.
The bullfrog zombie is almost destroyed.
You constrict the bullfrog zombie.
You destroy the bullfrog zombie!
Dithmenos accepts your kill.
You hit the ogre.
The ogre is moderately wounded.
The ogre closely misses you.
You hit the ogre. You squeeze the ogre.
The ogre is heavily wounded.
You hit the ogre.
The ogre is heavily wounded.
You hit the ogre but do no damage.
The ogre is heavily wounded.
The ogre hits you with a +0 giant club!!
Ouch! That really hurt!
You die...

#.####..#
#.......#
#.####^##
#.# .#
...#####.#
.#
.........#
.#
...#####.#
##.##
#.###...##
#..@OZ?..#
#####....#
##..#.#
.## .. #.
# #. .# .


You could see an ogre and a hound skeleton.

Vanquished Creatures
  Sigmund (D:3)
  A water moccasin (D:6)
  A necrophage (D:6)
  An ogre (D:4)
  2 bullfrogs
  4 scorpions
  4 howler monkeys
  A centaur zombie (D:5)
  A crimson imp (D:6)
  2 orc priests (D:4)
  A bullfrog zombie (D:7)
  An orc wizard (D:4)
  A bullfrog skeleton (D:4)
  A centaur skeleton (D:6)
  A gnoll shaman (D:4)
  An iguana (D:5)
  Terence (D:2)
  A worker ant (D:5)
  3 hound zombies
  3 gnolls (D:4)
  2 river rats (D:5)
  4 adders
  A shadow imp (D:5)
  2 oozes
  2 adder skeletons
  A worm (D:3)
  4 dart slugs
  4 leopard geckos
  8 orcs
  3 giant cockroaches
  6 goblins
  2 hobgoblins (D:1)
  22 jackals
  12 kobolds
  3 quokkas
  5 ball pythons
  7 bats
  12 frilled lizards
  A leopard gecko skeleton (D:4)
  9 rats
142 creatures vanquished.

Notes
Turn   | Place    | Note
-------+----------+-------------------------------------------
     0 | D:1      | Ethylacetat the Octopode Assassin began the quest for the
                  | Orb.
     0 | D:1      | Reached XP level 1. HP: 14/14 MP: 1/1
   281 | D:1      | Reached XP level 2. HP: 13/19 MP: 2/2
   632 | D:1      | Reached XP level 3. HP: 22/25 MP: 3/3
  1245 | D:2      | Found a hide-covered altar of Uskayaw.
  1292 | D:2      | Noticed Terence
  1305 | D:2      | Killed Terence
  1305 | D:2      | Reached XP level 4. HP: 30/31 MP: 4/4
  1893 | D:3      | Reached skill level 6 in Stealth
  2044 | D:3      | Noticed Sigmund
  2059 | D:3      | Killed Sigmund
  2059 | D:3      | Reached XP level 5. HP: 13/37 MP: 5/5
  2059 | D:3      | Reached XP level 6. HP: 15/43 MP: 6/6
  3114 | D:4      | Found a shimmering blue altar of Sif Muna.
  3193 | D:4      | Reached skill level 7 in Stealth
  3193 | D:4      | Reached XP level 7. HP: 49/49 MP: 7/7
  3257 | D:4      | Reached skill level 5 in Fighting
  3260 | D:4      | Reached skill level 5 in Short Blades
  3868 | D:5      | Entered Level 5 of the Dungeon
  3999 | D:5      | Found an ornate altar of the Wu Jian Council.
  4070 | D:5      | Reached XP level 8. HP: 39/57 MP: 8/8
  4215 | D:5      | Found a glowing drain.
  4220 | Sewer    | Entered a sewer
  4861 | D:5      | Found a staircase to the Ecumenical Temple.
  4876 | Temple   | Entered the Ecumenical Temple
  5081 | Temple   | Became a worshipper of Dithmenos the Shadowed
  5137 | D:5      | Reached skill level 8 in Stealth
  5242 | D:5      | Found an iron altar of Okawaru.
  5953 | D:6      | Found a basalt altar of Yredelemnul.
  6082 | D:6      | Found a snail-covered altar of Cheibriados.
  6821 | D:6      | Found a stormy altar of Qazlal.
  6821 | D:6      | Found a bloodstained altar of Trog.
  7046 | D:7      | Mangled by an ogre

Illustrated notes

Levels and vault maps discovered:
D:1:      scummos_arrival_checkerplants, layout_basic, minmay_lizard_pond
D:2:      layout_loops_ring, lemuel_coloured_pillars_altar, first_ration,
          uniq_terence
D:3:      layout_basic, uniq_sigmund
D:4:      layout_loops_ring, led_sif_pool
D:5:      layout_loops_ring, lemuel_crystal_altar,
          nicolae_overflow_hidden_temple, minmay_temple_entry_crystal_x,
          gup_sewer_entry_spiral, guppyfry_early_lair_pool
D:6:      layout_cave_pods, cheibriados_altar_1,
          gammafunk_temple_overflow_pools, overflow_temple_1_default
D:7:      layout_loops_ring
Temple:   minmay_temple_curvy_branch

Skill      XL: |  1  2  3  4  5  6  7  8 |
---------------+-------------------------+-----
Fighting       | 3 4 5 7 |  7.1
Short Blades   | 3 4 5 7 |  7.0
Stealth        | 6 7 8 |  8.7
Throwing       | |  2.0
Dodging        | |  1.0

Action                   |  1- 3 |  4- 6 |  7- 9 || total
-------------------------+-------+-------+-------++-------
Melee: Dagger            |    73 |    68 |   196 ||   337
       Constrict         |    16 |    10 |    43 ||    69
       Tentacles         |     9 |    15 |    39 ||    63
 Stab: Sleeping          |     6 |    18 |    21 ||    45
       Distracted        |       |     1 |     1 ||     2
  Eat: Chunk             |     1 |     6 |    11 ||    18
Armor: Skin              |     9 |     4 |     8 ||    21
Dodge: Dodged            |    48 |    25 |    77 ||   150
